 Dungeon Crawl Stone Soup version 0.29-a0-393-g47a863cc1b (webtiles) character file.

Game seed: 10551386154947481579

7 Juicyj the Grasshopper (level 1, -1/10 HPs)
             Began as a Spriggan Warper on May 9, 2022.
             Slain by a gnoll
             ... wielding a +0 spear
              (8 damage)
             ... on level 1 of the Dungeon.
             The game lasted 00:00:54 (394 turns).

Juicyj the Grasshopper (Spriggan Warper)             Turns: 394, Time: 00:00:55

Health: -1/10      AC:  2    Str:  7    XL:     1   Next: 91%
Magic:  5/5        EV: 18    Int: 14    God:
Gold:   0          SH:  0    Dex: 14    Spells: 5/5 levels left

rFire   . . .      SeeInvis +   a - +0 short sword
rCold   . . .      Faith    .   (no shield)
rNeg    . . .      Spirit   .   b - +0 robe
rPois   .          Reflect  .   (helmet restricted)
rElec   .          Harm     .   (no cloak)
rCorr   .          Rampage  .   (gloves unavailable)
Will    .....                   (boots unavailable)
Stlth   +.........              (no amulet)
HPRegen 0.03/turn               (no ring)
MPRegen 0.09/turn               (no ring)

@: very quick
A: very small, no large weapons, unfitting armour, see invisible, speed 3
a: no special abilities


You were on level 1 of the Dungeon.
You visited 1 branch of the dungeon, and saw 1 of its levels.

Inventory:

Hand Weapons
 a - a +0 short sword (weapon)
Missiles
 d - 2 boomerangs of dispersal (quivered)
Armour
 b - a +0 robe (worn)
Scrolls
 c - a scroll of blinking
 e - a scroll of identify {unknown}


   Skills:
 + Level 1.5 Fighting
 + Level 2.1 Short Blades
 + Level 1.1 Throwing
 + Level 3.6 Dodging
 + Level 2.8 Spellcasting
 + Level 4.6 Translocations


You had 5 spell levels left.
You didn't know any spells.
Your spell library contained the following spells:

 Spells                   Type           Power      Damage    Failure   Level
 Blink                    Tloc           30%        N/A       4%          2
 Gell's Gravitas          Tloc           15%        N/A       10%         3
 Lesser Beckoning         Tloc           15%        N/A       10%         3
 Teleport Other           Tloc           15%        N/A       10%         3
 Manifold Assault         Tloc           15%        N/A       65%         5


Dungeon Overview and Level Annotations

Branches:
Dungeon (1/15)

Altars:


Innate Abilities, Weirdness & Mutations

You are very small and have problems with some larger weapons.
You are too small for most types of armour.
You have supernaturally acute eyesight. (SInv)
You cover ground extremely quickly. (Speed+++)


Message History

You hit the goblin.
You kill the goblin!
A gnoll comes into view. It is wielding a +0 spear.
The goblin hits you but does no damage.
The gnoll shouts!
You hit the goblin.
The goblin is severely wounded.
The goblin closely misses you.
You hit the goblin but do no damage.
The goblin is severely wounded.
A frilled lizard comes into view.
The goblin barely misses you.
The frilled lizard hisses angrily.
You hit the goblin.
You kill the goblin!
You see here a +0 club.
You throw a boomerang of dispersal.
The boomerang of dispersal hits the gnoll.
The gnoll blinks!
You throw a boomerang of dispersal.
The boomerang of dispersal hits the frilled lizard.
The frilled lizard blinks!
You start resting.
A frilled lizard is nearby!
A hobgoblin comes into view.
The gnoll shouts!
The hobgoblin shouts!
You closely miss the frilled lizard.
The frilled lizard is heavily wounded.
The frilled lizard misses you.
You hit the frilled lizard.
You kill the frilled lizard!
You hit the hobgoblin.
The hobgoblin is heavily wounded.
The hobgoblin barely misses you. The gnoll barely misses you.
You hit the hobgoblin. You punch the hobgoblin.
You kill the hobgoblin!
An endoplasm comes into view.
The gnoll hits you from afar with a +0 spear!
Ouch! That really hurt!
You die...

#..J.......# #######
..........# ≈≈≈≈≈≈#
.#.......# ≈≈≈≈≈≈#
........# ..≈≈≈≈#
#.......# ....≈≈#
#.g.....# ....)≈#...
#.†..# .....≈#...
#.@..# .8..###...
#..#..# ....#g#...
##..#..# #######...##
#..##..# ....##.....#
#))##..###
....##..##.###.........
..###...##÷##..........
'##...#.##.##.#........
........##....#......≈≈


You could see a gnoll and an endoplasm (wandering).

Vanquished Creatures
  3 goblins (D:1)
  A hobgoblin (D:1)
  2 ball pythons (D:1)
  A frilled lizard (D:1)
  A rat (D:1)
8 creatures vanquished.

Notes
Turn   | Place    | Note
-------+----------+-------------------------------------------
     0 | D:1      | Juicyj the Spriggan Warper began the quest for the Orb.
     0 | D:1      | Reached XP level 1. HP: 10/10 MP: 5/5
   394 | D:1      | Slain by a gnoll

Illustrated notes

Levels and vault maps discovered:
D:1:      lordsloth_arrival_two_stooges, layout_rooms,
          nicolae_ecumenical_lake_church, hangedman_abyss_or_decor_lesser_grid

Action                   || total
-------------------------++-------
Melee: Short sword       ||    22
       Punch             ||     1
Throw: Boomerang         ||     5
Armor: Robe              ||     2
Dodge: Dodged            ||    18

Table legend: (Time is in decaauts)
 A = Elapsed time spent in this place.
 B = Non-inter-level travel time spent in this place.
 C = Inter-level travel time spent in this place.
 D = Time resting spent in this place.
 E = Time spent auto-exploring this place.
 F = Levels seen in this place.
 G = Mean time per level.
                   A        B        C        D        E       F      G
               +--------+--------+--------+--------+--------+-----+--------+
         Total |    364 |    364 |      0 |    239 |     71 |   1 |  364.0 |
       Dungeon |    364 |    364 |      0 |    239 |     71 |   1 |  364.0 |
               +--------+--------+--------+--------+--------+-----+--------+

Top non-repeatable levels by time:
     D:1: 364 daAuts
